 Dungeon Crawl Stone Soup version 0.32-a0-306-gfed3edf829 (webtiles) character file.

Game seed: 11866924643233465453

15097 promet the Cleaver (level 11, -2/102 HPs)
             Began as a Mountain Dwarf Fighter on Feb 14, 2024.
             Was an Initiate of Wu Jian.
             Succumbed to Sonja's curare-tipped dart
             ... on level 1 of the Lair of Beasts.
             The game lasted 01:23:40 (16373 turns).

promet the Cleaver (Mountain Dwarf Fighter)        Turns: 16373, Time: 01:23:44

Health: -2/102     AC: 18    Str: 24    XL:     11   Next: 97%
Magic:  11/11      EV:  9    Int:  8    God:    Wu Jian [......]
Gold:   986        SH:  5    Dex:  9    Spells: 9/10 levels left

rFire   . . .        a - +0 broad axe (elec)
rCold   . . .        c - +0 buckler
rNeg    . . .        P - +4 chain mail {Will+}
rPois   +            n - +0 helmet {SInv}
rElec   .            w - +0 cloak {rPois}
rCorr   .            (no gloves)
SInv    +            (no boots)
Will    ++++.        l - amulet of regeneration Stlth
                     k - ring of willpower
HPRegen 1.17/turn    S - ring of willpower
MPRegen 0.12/turn

%: no passive effects
@: lethally poisoned (-2 -> -9), slowed, very slow
A: runic magic, artefact enchanting
a: Renounce Religion


You were on level 1 of the Lair of Beasts.
You worshipped Wu Jian.
Wu Jian was noncommittal.
You visited 3 branches of the dungeon, and saw 13 of its levels.

You collected 1014 gold pieces.
You spent 28 gold pieces at shops.

Inventory:

Hand Weapons
 a - a +0 broad axe of electrocution (weapon)
 b - a +0 sling
 d - a +1 hammer of venom
 p - a +1 war axe of flaming
 u - a +2 falchion of holy wrath
 A - a +2 short sword of electrocution
 B - the +1 spear of the Hero {protect, *Noise Str+3}
   (You found it on level 1 of the Lair of Beasts)

   Str+3:     It affects your strength (+3).
   *Noise:    It may make a loud noise when swung.
 K - a +2 dagger of venom
 R - a +0 orcbow
Missiles
 j - 83 stones
 q - 9 poisoned darts
 v - a boomerang
Armour
 c - a +0 buckler (worn)
 n - a +0 helmet of see invisible (worn)
 r - a +2 ring mail of poison resistance
 s - a +0 chain mail
 w - a +0 cloak of poison resistance (worn)
 P - a +4 chain mail of willpower (worn)
Jewellery
 k - a ring of willpower (left hand)
 l - an amulet of regeneration (around neck)
 m - a ring of ice
 z - a +6 ring of intelligence
 M - a +6 ring of dexterity
 O - a ring of flight
 Q - a ring of fire
 S - a ring of willpower (right hand)
Wands
 f - a wand of iceblast (4)
 y - a wand of charming (15)
 D - a wand of digging (4)
 H - a wand of flame (3)
 I - a wand of mindburst (8)
Scrolls
 g - a scroll of teleportation
 t - a scroll of poison
 E - 6 scrolls of identify
 F - a scroll of revelation
 G - a scroll of butterflies
 L - 4 scrolls of vulnerability
Potions
 e - 2 potions of heal wounds
 i - 4 potions of attraction
 o - 2 potions of curing
 x - a potion of ambrosia
 C - 2 potions of magic
 J - a potion of lignification


   Skills:
 + Level 11.3 Fighting
 + Level 13.0 Axes
 + Level 0.5(8.3) Maces & Flails
 + Level 5.9 Ranged Weapons
 + Level 2.0 Throwing
 + Level 9.2 Armour
 + Level 3.2 Dodging
 + Level 2.0 Stealth
 + Level 5.8 Shields
 + Level 2.0 Evocations


You had 9 spell levels left.
You knew the following spells:

 Your Spells              Type           Power      Damage    Failure   Level
a - Magic Dart            Conj           0%         1d3       58%         1

Your spell library contained the following spells:

 Spells                   Type           Power      Damage    Failure   Level
 Kiss of Death            Conj/Necr      0%         2d5       58%         1
 Searing Ray              Conj           0%         2d4       75%         2
 Confusing Touch          Hex            0%         N/A       92%         3
 Dazzling Flash           Conj/Hex       0%         N/A       92%         3
 Volatile Blastmotes      Fire/Tloc      0%         2d10      92%         3
 Dispel Undead            Necr           0%         3d6       100%        4
 Fulminant Prism          Conj/Alch      0%         3d5       100%        4
 Starburst                Conj/Fire      0%         6d3       100%        6
 Maxwell's Capacitive Co  Air            0%         ∞         100%        8


Dungeon Overview and Level Annotations

Branches:
Dungeon (10/15)            Temple (1/1) D:6            Lair (2/5) D:9
  Swamp: Lair:2-3    Shoals: Lair:2-3     Snake: Lair:2-3    Spider: Lair:2-3
    Orc: D:9-12

Altars:
Ashenzari
Cheibriados
Dithmenos
Elyvilon
Fedhas
Gozag
Hepliaklqana
Kikubaaqudgha
Makhleb
Nemelex Xobeh
Okawaru
Qazlal
Ru
Sif Muna
Trog
Uskayaw
Vehumet
Wu Jian
Xom
Yredelemnul
Zin
The Shining One

Shops:
D:1 ?

Annotations:
D:7 3 runed translucent doors, Azoth's ghost, novice OpSh
Lair:2 Sonja


Innate Abilities, Weirdness & Mutations

Your spellcasting is much less encumbered by armour.
You can use scrolls of enchantment on lesser artefacts.


Message History

The iceblast engulfs the boulder beetle.
The boulder beetle is severely wounded.
You hear a loud, deep croak!
You hear an angry hiss.
You hit the boulder beetle.
Lightning courses through the boulder beetle!
The boulder beetle is almost dead.
The boulder beetle bites you but does no damage.
You hit the boulder beetle but do no damage.
The boulder beetle is almost dead.
The boulder beetle leaps!
The boulder beetle curls into a ball and begins rolling!
Sonja throws a curare-tipped dart.
You block the curare-tipped dart.
Sonja throws a curare-tipped dart.
The curare-tipped dart hits you. You resist.
Sonja mumbles some strange words.
Sonja blinks!
Sonja throws a curare-tipped dart.
The curare-tipped dart hits you.
You are poisoned.
You have difficulty breathing.
You feel yourself slow down.
You feel very sick.
Sonja throws a curare-tipped dart.
The curare-tipped dart hits you. You resist. The boulder beetle hits you!
The boulder beetle stops rolling and uncurls.
You see here a komodo dragon corpse.
You feel sick.
Sonja throws a curare-tipped dart.
The curare-tipped dart hits you. You resist.
Sonja throws a curare-tipped dart.
The curare-tipped dart hits you.
You are more poisoned.
You have difficulty breathing.
* * * LOW HITPOINT WARNING * * *
You feel as though you will be slow longer.
The boulder beetle curls into a ball and begins rolling!
Sonja throws a curare-tipped dart.
The curare-tipped dart hits you. You resist.
There is a stone staircase leading up here.
You feel extremely sick.
Sonja casts a spell.
Sonja blinks!
The boulder beetle hits you!
* * * LOW HITPOINT WARNING * * *
The boulder beetle stops rolling and uncurls.
You climb upwards.
You die...

##..............ß.[.......
#.............#...#......#
##..........#.....#.##...#
#..........##...#.###..##
#...........###.### #.##
##.##.###.###.....#######
#.####.ß.##.....#.#..ß.#
##.###.....#..........†..
#...##ß.@..+...ß......>.ß
#....#.................).
##..##..ß..#.#.÷##.##.ß..
###..#########...[.#.#####
##.....###....###..####....
##...........#.......##.....
###...##.#....###.#.....##....
###P...######.###
#.#...#..###.. ##.....#.# ##.#
#...ß...## ##.


There were no monsters in sight!

Vanquished Creatures
  Erolcha (D:10)
  A hydra (Lair:1)
  Erica (D:9)
  Nergalle (Lair:1)
  Lodul (D:9)
  Maurice (D:8)
  An elephant (D:9)
  A torpor snail (Lair:1)
  A cane toad (Lair:1)
  Maggie (Lair:1)
  4 komodo dragons
  2 kobold demonologists (D:10)
  A hornet (D:7)
  6 blink frogs
  2 dream sheep (Lair:1)
  A shadow (D:10)
  A wraith (D:9)
  2 wyverns
  A steam dragon (D:10)
  12 yaks
  A basilisk (D:9)
  An acid dragon (D:9)
  4 water moccasins
  3 orc warriors
  2 black bears
  An ice beast (D:7)
  7 ogres
  4 wolves (D:9)
  A centaur (D:10)
  3 kobold brigands
  5 bullfrogs
  A gnoll sergeant (D:7)
  A scorpion (D:5)
  10 killer bees (D:8)
  A howler monkey (D:6)
  A centaur zombie (D:8)
  A hound (D:6)
  A bombardier beetle (D:6)
  9 orc priests
  A jelly (D:6)
  Crazy Yiuf (D:5)
  5 iguanas
  5 sleepcaps
  14 orc wizards
  Ijyb (D:5)
  2 killer bee zombies (D:8)
  An ogre zombie (D:8)
  A mummy (D:8)
  11 gnolls
  12 adders
  A shadow imp (D:7)
  2 white imps
  2 ufetubi (D:5)
  2 dart slugs
  2 ribbon worms
  37 orcs
  6 bats
  2 endoplasms
  2 giant cockroaches (D:1)
  11 goblins
  8 hobgoblins
  6 jackals
  16 kobolds
  A quokka (D:2)
  6 ball pythons
  5 frilled lizards
  5 rats
267 creatures vanquished.

Vanquished Creatures (collateral kills)
  A gnoll (D:8)
  3 jackals (D:4)
4 creatures vanquished.

Vanquished Creatures (others)
  A yak (D:7)
  A gnoll bouda (D:8)
2 creatures vanquished.

Grand Total: 273 creatures vanquished

Notes
Turn   | Place    | Note
-------+----------+-------------------------------------------
     0 | D:1      | promet the Mountain Dwarf Fighter began the quest for the
                  | Orb.
     0 | D:1      | Reached XP level 1. HP: 19/19 MP: 1/1
   208 | D:1      | Reached XP level 2. HP: 25/26 MP: 2/2
   560 | D:1      | Reached XP level 3. HP: 27/33 MP: 3/3
   561 | D:1      | Reached skill level 3 in Axes
   702 | D:1      | Found Rauff's Magic Scroll Shoppe.
   771 | D:1      | Bought a scroll of identify for 28 gold pieces
  1373 | D:2      | Found a faded altar of an unknown god.
  1426 | D:2      | Reached XP level 4. HP: 37/40 MP: 4/4
  1864 | D:3      | Reached skill level 4 in Axes
  2316 | D:3      | Reached XP level 5. HP: 41/46 MP: 5/5
  3292 | D:4      | Reached skill level 5 in Axes
  3844 | D:4      | Identified the +1 ring mail of Piolieg {rC- Str+2 Slay+3}
  3987 | D:5      | Entered Level 5 of the Dungeon
  4064 | D:5      | Reached skill level 1 in Dodging
  4064 | D:5      | Reached XP level 6. HP: 53/53 MP: 6/6
  4433 | D:5      | Reached skill level 6 in Axes
  4649 | D:5      | Noticed Ijyb
  4653 | D:5      | Killed Ijyb
  4855 | D:5      | Found a runed translucent door.
  4856 | D:5      | Noticed Crazy Yiuf
  4863 | D:5      | Killed Crazy Yiuf
  4939 | D:6      | Reached XP level 7. HP: 50/60 MP: 7/7
  5063 | D:6      | Found a staircase to the Ecumenical Temple.
  5087 | D:6      | Reached skill level 5 in Fighting
  5091 | D:6      | Reached skill level 7 in Axes
  5195 | D:6      | Reached skill level 1 in Stealth
  5273 | D:5      | Reached skill level 5 in Armour
  5443 | D:6      | Reached skill level 1 in Ranged Weapons
  5613 | D:6      | Found an iron altar of Okawaru.
  5656 | D:6      | Reached XP level 8. HP: 69/69 MP: 8/8
  6085 | D:7      | Reached skill level 8 in Axes
  7053 | D:7      | Noticed a hornet
  7072 | D:7      | Paralysed by a hornet for 2 turns
  7074 | D:7      | Killed a hornet
  7075 | D:7      | Reached XP level 9. HP: 37/78 MP: 9/9
  7124 | D:7      | Found a runed translucent gate.
  7124 | D:7      | Found a runed translucent gate.
  7124 | D:7      | Found a runed translucent gate.
  7391 | D:7      | Noticed Azoth's ghost (novice OpSh)
  7464 | D:8      | Reached skill level 9 in Axes
  8220 | D:8      | Noticed Maurice
  8325 | D:8      | Killed Maurice
  8326 | D:8      | Reached skill level 10 in Axes
  8477 | D:8      | Reached skill level 1 in Evocations
  8764 | D:8      | Reached skill level 5 in Shields
  8937 | D:8      | Reached XP level 10. HP: 88/88 MP: 10/10
  9346 | D:9      | Noticed Erica
  9739 | D:9      | Noticed an elephant
 10110 | D:9      | Killed an elephant
 10470 | D:9      | Reached skill level 1 in Throwing
 10886 | D:9      | Killed Erica
 10887 | D:9      | Reached skill level 11 in Axes
 10927 | D:9      | Found a staircase to the Lair.
 11555 | D:10     | Entered Level 10 of the Dungeon
 11578 | D:10     | Noticed Lodul
 11954 | D:10     | Noticed Erolcha
 11968 | D:10     | Killed Erolcha
 11969 | D:10     | Reached XP level 11. HP: 47/99 MP: 11/11
 12558 | D:9      | Killed Lodul
 12789 | D:10     | Reached skill level 10 in Fighting
 13406 | D:10     | Reached skill level 12 in Axes
 13556 | Lair:1   | Entered Level 1 of the Lair of Beasts
 14048 | Temple   | Entered the Ecumenical Temple
 14114 | Temple   | Became a worshipper of the Wu Jian Council
 14257 | Lair:1   | Reached skill level 5 in Ranged Weapons
 14613 | Lair:1   | Noticed a five-headed hydra
 14630 | Lair:1   | Killed a one-headed hydra
 15230 | Lair:1   | Identified the +1 spear of the Hero {protect, *Noise Str+3}
 15506 | Lair:1   | Noticed Nergalle
 15517 | Lair:1   | Killed Nergalle
 16030 | Lair:2   | Noticed Maggie
 16044 | Lair:1   | Killed Maggie
 16183 | Lair:2   | Noticed Sonja
 16301 | Lair:2   | Reached skill level 13 in Axes
 16330 | Lair:2   | Learned a level 1 spell: Magic Dart
 16338 | Lair:2   | Noticed a boulder beetle
 16372 | Lair:2   | HP: 2/102 [boulder beetle (15)]
 16373 | Lair:1   | Succumbed to Sonja's curare-tipped dart

Illustrated notes

Levels and vault maps discovered:
D:1:      minmay_arrival_plants_in_alcoves, layout_loops_cross, serial_shops,
          shop_fountains, minmay_misc_feat_diagonals
D:2:      layout_loops_ring, hellmonk_ecumenical_altar_run_dry
D:3:      layout_loops_ring, minmay_stone_trees_small, st_stairs_14
D:4:      layout_cave_pools
D:5:      layout_loops_ring, uniq_crazy_yiuf_cottage, uniq_ijyb
D:6:      layout_cave_pools, general_overflow_altar,
          minmay_temple_entry_from_below_a, chequers_mini_garden
D:7:      layout_basic, nicolae_ossuary_entry_ruins, gammafunk_ghost_necromancy
D:8:      minmay_weird_star, layout_basic, minmay_mini_ossuary, uniq_maurice
D:9:      layout_gridville, david_lair_generic, enter_bailey_4,
          grunt_decor_mini_mirrors, minmay_misc_feat_cross,
          serial_bayou_crossing, uniq_erica
D:10:     layout_loops_cross, uniq_lodul, uniq_erolcha
Temple:   mainiacjoe_temple_trianglar_array
Lair:1:   wander_river, layout_cave_pods, grunt_megastairs_1,
          lemuel_fruit_fields, uniq_nergalle
Lair:2:   layout_regular_city, hellmonk_spider_entry_life_and_decay,
          uniq_maggie, uniq_sonja, uniq_urug

Skill      XL: |  1  2  3  4  5  6  7  8  9 10 11 |
---------------+----------------------------------+-----
Axes           | 3 4 5 6 7 8 10 11 13 | 13.0
Fighting       | 4 5 6 8 9 11 | 11.3
Armour         | 4 5 6 7 8 9 |  9.2
Dodging        | 1 2 3 |  3.2
Stealth        | 1 2 |  2.0
Ranged Weapons | 1 3 4 5 |  5.9
Shields        | 4 5 |  5.8
Evocations     | 1 2 |  2.0
Throwing       | 1 2 |  2.0
Maces & Flails | |  0.5

Action                     |  1- 3 |  4- 6 |  7- 9 | 10-12 || total
---------------------------+-------+-------+-------+-------++-------
  Melee: War axe           |    82 |   164 |   234 |    62 ||   542
         Broad axe         |       |       |    31 |   315 ||   346
         Mace              |       |       |       |     7 ||     7
   Fire: Sling             |       |     8 |    54 |   110 ||   172
  Throw: Stone             |       |    11 |       |       ||    11
         Dart              |       |     5 |     7 |    17 ||    29
         Throwing net      |       |       |       |     1 ||     1
         Boomerang         |       |       |       |    20 ||    20
  Evoke: Wand              |       |       |    11 |    23 ||    34
    Use: Scroll            |     7 |     5 |     5 |     8 ||    25
         Potion            |     2 |     3 |     6 |     5 ||    16
   Stab: Invisible         |       |       |       |     1 ||     1
 Armour: Scale mail        |    66 |    24 |       |       ||    90
         Leather armour    |       |    30 |       |       ||    30
         Chain mail        |       |    45 |       |   343 ||   388
         Ring mail         |       |    33 |   249 |       ||   282
  Dodge: Dodged            |    43 |   108 |   181 |   177 ||   509
  Block: Buckler           |    21 |    19 |    71 |    77 ||   188

Table legend: (Time is in decaauts)
 A = Elapsed time spent in this place.
 B = Non-inter-level travel time spent in this place.
 C = Inter-level travel time spent in this place.
 D = Time resting spent in this place.
 E = Time spent auto-exploring this place.
 F = Levels seen in this place.
 G = Mean time per level.
                   A        B        C        D        E       F      G
               +--------+--------+--------+--------+--------+-----+--------+
         Total |  16575 |  15829 |    746 |   4610 |   3841 |  13 | 1275.0 |
       Dungeon |  14270 |  13625 |    645 |   4004 |   3298 |  10 | 1427.0 |
        Temple |    103 |     66 |     37 |      0 |      0 |   1 |  103.0 |
          Lair |   2201 |   2138 |     63 |    606 |    543 |   2 | 1100.5 |
               +--------+--------+--------+--------+--------+-----+--------+

Top non-repeatable levels by time:
     D:9: 3335 daAuts
     D:8: 1979 daAuts
  Lair:1: 1892 daAuts
     D:7: 1802 daAuts
     D:3: 1654 daAuts
    D:10: 1316 daAuts
     D:5: 1063 daAuts
     D:1: 1028 daAuts
     D:2: 846 daAuts
     D:6: 730 daAuts
     D:4: 512 daAuts
  Lair:2: 308 daAuts
  Temple: 103 daAuts
